[Event "Championnat du monde jeunes U10"]
[Date "2024.11.20"]
[White "Barsov, Mikhail"]
[Black "Mariani, Kim Paul"]
[WhiteElo "1668"]
[BlackElo "1814"]
[Round "6.38"]
[Result "1-0"]
[TimeControl "5400+30"]

1. c4 c6 2. g3 d5 3. Nf3 e6 4. Bg2 Nf6 5. O-O Nbd7 6. d4 Be7 7. b3 O-O 8. Bb2 b6 9. Nc3 Bb7 10. cxd5 exd5 11. Rc1 Re8 12. Re1 Bd6 13. Nd2 c5 14. dxc5 Nxc5 15. Nf3 Nce4 16. Nd4 a6 17. e3 Rc8 18. Re2 b5 19. Rec2 Qd7 20. h3 h6 21. Nce2 Ng5 22. Kh2 Nfe4 23. Nf4 Rxc2 24. Rxc2 Bc8 25. h4 Bxf4 26. exf4 Nh7 27. Nc6 Nxf2 28. Rxf2 Qxc6 29. Qxd5 Qg6 30.
f5 Qg4 31. Qc6 Rf8 32. Ba3 b4 33. Rf4 Qd1 34. Bxb4 Bd7 35. Qf3 Qxf3 36. Bxf3 Nf6 37. Bxf8 1-0

[Variant "Standard"]
[Site "Europe Echecs"]

[Event "Championnat du monde jeunes U10"]
[Date "2024.11.20"]
[White "Blekh, Erik"]
[Black "Ismailov, Omarbek"]
[WhiteElo "1790"]
[BlackElo "1625"]
[Round "6.39"]
[Result "1-0"]
[TimeControl "5400+30"]

1. Nf3 d5 2. g3 Bg4 3. Bg2 e6 4. O-O Nf6 5. d3 h6 6. h3 Bxf3 7. Bxf3 c6 8. Nd2 Nbd7 9. b3 Be7 10. Bb2 O-O 11. e4 a5 12. e5 Nh7 13. a4 Qb6 14. Bg2 Rfc8 15. Kh2 Nhf8 16. f4 Ng6 17. Qe2 Bc5 18. Rae1 Ne7 19. g4 g6 20. Nf3 Qa6 21. Qd2 Kh7 22. Bc1 Ng8 23. Kh1 b5 24. f5 Nf8 25. Qf4 Ra7 26. Qg3 Bb4 27. Re2 bxa4 28. bxa4 c5 29. Qh4 exf5 30. gxf5 gxf5 31. Qf4 Qe6 32. Nh4 Ng6 33. Qxf5 Qxf5 34. Nxf5 Rd8 35. Nd6 Nxe5 36. Nb5 Re7 37. Bf4 f6 38. Bxe5 fxe5 39. c3 Kg6 40. Re3 Nf6 41. cxb4 axb4 42. Rg3+ Kf7 43. Rgf3 Re6 44. Nc7 Red6 45. Nxd5 Rxd5 46. Rxf6+ Kg7 47. Bxd5 Rxd5 48. R6f3 Rd7 49. Re3 b3 50. Rb1 Kf6 51. Rxb3 Kf5 52. Rf3+ Kg5 53. Rc3 Rc7 54. Rc4 Rc6 55. Rg4+ 1-0

[Variant "Standard"]
[Site "Europe Echecs"]

[Event "Championnat du monde jeunes U10"]
[Date "2024.11.20"]
[White "Todmunkh, Turbat"]
[Black "Czech, Emil"]
[WhiteElo "1773"]
[BlackElo "1608"]
[Round "6.40"]
[Result "1/2-1/2"]
[TimeControl "5400+30"]

1. e4 e6 2. Qe2 e5 3. Nf3 Nc6 4. g3 d6 5. Bg2 a6 6. O-O Bg4 7. c3 Qd7 8. d3 g6 9. Re1 Bg7 10. a4 Nge7 11. Bg5 O-O 12. Bxe7 Nxe7 13. Nbd2 f5 14. h3 fxe4 15. hxg4 exf3 16. Bxf3 Rab8 17. Kg2 b5 18. axb5 axb5 19. b4 c6 20. Ra5 Nd5 21. Ne4 Nf6 22. Nxf6+ Bxf6 23. Qe3 e4 24. dxe4 Rb7 25. Rea1 Qg7 26. e5 Bxe5 27. Bxc6 Bxc3 28. Bxb7 Qxb7+ 29. f3 Bxa1 30. Rxa1 Qg7 31. Ra7 Qb2+ 32. Kh3 Qb1 33. Kg2 Qc2+ 34. Kg1 Qd1+ 35. Kf2 Qc2+ 36. Qe2 Rc8 37. Qxc2 Rxc2+ 38. Ke3 Rc4 39. Rd7 Rxb4 40. Rxd6 Rc4 41. Rb6 b4 42. Rb7 h6 43. Kd3 Rc3+ 44. Ke4 b3 45. Kf4 Rd3 46. g5 hxg5+ 47. Kxg5 Rxf3 48. g4 Rg3 49. Kf4 Rc3 50. g5 Kf8 51. Ke5 Kg8 52. Kf6 Rc6+ 53. Ke5 Rc5+ 54. Ke4 1/2-1/2

[Variant "Standard"]
[Site "Europe Echecs"]

[Event "Championnat du monde jeunes U10"]
[Date "2024.11.20"]
[White "Fattori Dittmar, Luca"]
[Black "Aitmukhanov, Arsen"]
[WhiteElo "1766"]
[BlackElo "1579"]
[Round "6.41"]
[Result "0-1"]
[TimeControl "5400+30"]

1. e4 c5 2. d4 cxd4 3. Qxd4 Nc6 4. Qd3 g6 5. Nc3 d6 6. Nf3 Bg7 7. Be2 Nf6 8. O-O O-O 9. Nd5 Nxd5 10. exd5 Ne5 11. Nxe5 dxe5 12. c3 Bf5 13. Qd1 Qd6 14. Qb3 Rfd8 15. Be3 e6 16. dxe6 Bxe6 17. Qc2 f5 18. Rfd1 Qc7 19. a4 f4 20. Rxd8+ Rxd8 21. Bd2 Qf7 22. Be1 Bf5 23. Qc1 g5 24. c4 g4 25. Bc3 Qh5 26. Qe1 Rd6 27. h3 f3 28. hxg4 Bxg4 29. Bxf3 Bxf3 30. gxf3 Rh6 31. Kg2 Qh3+ 0-1

[Variant "Standard"]
[Site "Europe Echecs"]

[Event "Championnat du monde jeunes U10"]
[Date "2024.11.20"]
[White "Aguike, Toshiya"]
[Black "Kostyukovich, Ivan"]
[WhiteElo "1716"]
[BlackElo "1489"]
[Round "6.42"]
[Result "1-0"]
[TimeControl "5400+30"]

1. e4 e5 2. Nf3 Nc6 3. Bc4 Nf6 4. d3 Bc5 5. c3 a6 6. O-O d6 7. Bb3 h6 8. Re1 g5 9. d4 Ba7 10. dxe5 Ng4 11. Re2 Ngxe5 12. Nxe5 Nxe5 13. Be3 Bxe3 14. Rxe3 c6 15. Nd2 Qf6 16. Nc4 Nxc4 17. Bxc4 O-O 18. Rd3 Be6 19. Rxd6 Qe5 20. Bxe6 fxe6 21. Qd4 Qxd4 22. Rxd4 e5 23. Rd7 Rf7 24. Rad1 Raf8 25. f3 Kg7 26. Kf2 Rxd7 27. Rxd7+ Rf7 28. Rxf7+ Kxf7 29. Ke3 Ke6 30. g3 c5 31. c4 b5 32. cxb5 axb5 33. f4 exf4+ 34. gxf4 gxf4+ 35. Kxf4 Kf6 36. e5+ Ke6 37. Ke4 h5 38. h4 b4 39. b3 Kd7 40. Kd5 Ke7 41. Kxc5 Ke6 42. Kxb4 Kxe5 43. a4 Kf4 44. a5 Kg4 45. a6 Kxh4 46. a7 Kg5 47. a8=Q Kh4 48. Qh1+ Kg3 49. Qxh5 Kg2 50. Ka4 Kg3 51. b4 1-0

[Variant "Standard"]
[Site "Europe Echecs"]

[Event "Championnat du monde jeunes U10"]
[Date "2024.11.20"]
[White "Tugsbilguun, Davganamdag"]
[Black "Yevsieiev, Yaroslav"]
[WhiteElo "1660"]
[BlackElo "1706"]
[Round "6.43"]
[Result "1/2-1/2"]
[TimeControl "5400+30"]

1. e4 e5 2. Nf3 Nc6 3. d4 exd4 4. Nxd4 Bc5 5. Nb3 Bb6 6. Nc3 d6 7. Qe2 Nd4 8. Qd3 Nxb3 9. axb3 a6 10. Be3 Bxe3 11. Qxe3 Bd7 12. O-O-O Nf6 13. f3 O-O 14. g4 Bc6 15. h4 a5 16. Qd4 Qd7 17. h5 a4 18. g5 Ne8 19. bxa4 Bxa4 20. g6 c5 21. Qd2 Bb5 22. Bxb5 Ra1+ 23. Nb1 Qxb5 24. h6 fxg6 25. hxg7 Rf7 26. f4 Qc4 27. b3 Qxe4 28. Rde1 Qc6 29. f5 Rxf5 30. Qh6 Nf6 31. Re6 Rh5 32. Rxh5 Nxh5 33. Kb2 Ra8 34. Rxg6 hxg6 35.
Qh8+ Kf7 36. Qxa8 Kxg7 37. Qd8 1/2-1/2

[Variant "Standard"]
[Site "Europe Echecs"]

[Event "Championnat du monde jeunes U10"]
[Date "2024.11.20"]
[White "Burba, Mikita"]
[Black "Schettini Acuna, Massimo Matteo"]
[WhiteElo "1528"]
[BlackElo "1703"]
[Round "6.44"]
[Result "1-0"]
[TimeControl "5400+30"]

1. e4 e5 2. Nf3 Nc6 3. d4 exd4 4. Nxd4 Nf6 5. Nxc6 bxc6 6. e5 Qe7 7. Qe2 Nd5 8. c4 Ba6 9. b3 O-O-O 10. Bb2 f6 11. exf6 Nxf6 12. Qxe7 Bxe7 13. Be2 Bc5 14. O-O d5 15. Nd2 Rhe8 16. Bf3 Bb4 17. Rfd1 Re7 18. a3 Bd6 19. g3 Rde8 20. Bxf6 gxf6 21. cxd5 cxd5 22. Bxd5 Be5 23. Ra2 Be2 24. Rc1 Bd4 25. Nc4 Rd8 26. Bg2 c5 27. h4 Kc7 28. b4 Rde8 29. bxc5 Bxc5 30. Ne3 Kb6 31.
Nd5+ Kb5 32. Nxe7 Rxe7 33. Rb2+ Ka4 34.
Rxc5 Kxa3 35. Rb1 Ka2 36. Rb8 Re5 37.
Bd5+ Rxd5 38. Rxd5 Bb5 39. Rdxb5 a6 40. Ra5# 1-0

[Variant "Standard"]
[Site "Europe Echecs"]

[Event "Championnat du monde jeunes U10"]
[Date "2024.11.20"]
[White "Kaloh, Edvard"]
[Black "DAmato, Raffaele"]
[WhiteElo "1506"]
[BlackElo "1695"]
[Round "6.45"]
[Result "1/2-1/2"]
[TimeControl "5400+30"]

1. e4 e6 2. d4 d5 3. exd5 exd5 4. Bd3 Nf6 5. Nf3 Be7 6. O-O O-O 7. Nbd2 Bg4 8. Re1 Nc6 9. c3 Re8 10. h3 Bh5 11. g4 Bg6 12. Bxg6 hxg6 13. Ne5 Bd6 14. f4 Bxe5 15. fxe5 Nh7 16. Nf3 f6 17. Qc2 fxe5 18. dxe5 Rf8 19. Kg2 Qe8 20. Qb3 Qf7 21. Qd1 Rae8 22. Rf1 Nxe5 23. Nxe5 Qxf1+ 24. Qxf1 Rxf1 25. Kxf1
Rxe5 26. Bf4 Re7 27.
Bg3 c6 28. Kf2 Ng5 29. h4 Ne4+ 30. Kf3 Nxg3 31. Kxg3 Re2 32. Rb1 Kf7 33. Kf3 Rd2 34. Kf4 Re2 35. Kf3 Re4 36. Rf1 Ke7 37. b3 b5 38. Rg1 a5 39. h5 gxh5 40. gxh5 Kf6 41. Rg6+ Kf7 42. Rxc6 b4 43. cxb4 axb4 44. Rc5 Ke6 45. Rc7 Rh4 46. Rxg7 Rxh5 47. Rg4 Ke5 1/2-1/2

[Variant "Standard"]
[Site "Europe Echecs"]

[Event "Championnat du monde jeunes U10"]
[Date "2024.11.20"]
[White "Shrubok, Herman"]
[Black "Lenkov, Stanislav"]
[WhiteElo "1477"]
[BlackElo "1693"]
[Round "6.46"]
[Result "1/2-1/2"]
[TimeControl "5400+30"]

1. e4 c5 2. Nf3 Nc6 3. d4 cxd4 4. Nxd4 g6 5. Nc3 Bg7 6. Be3 Nf6 7. Be2 O-O 8. O-O d5 9. exd5 Nxd5 10. Nxd5 Nxd4 11. Bxd4 Qxd5 12. Bxg7 Qxd1 13. Rfxd1 Kxg7 14. c4 Be6 15. b3 a5 16. Bf3 Rab8 17. Kf1 h5 18. Ke2 Kf6 19. h4 Rfc8 20. a4 b6 21. Ke3 Rd8 22. Rxd8 Rxd8 23. Rd1 Rxd1 24. Bxd1 Ke5 25. Bc2 Bf5 26. Bd1 Be4
1/2-1/2

[Variant "Standard"]
[Site "Europe Echecs"]

[Event "Championnat du monde jeunes U10"]
[Date "2024.11.20"]
[White "Guntaka, Aayansh"]
[Black "Chen, Pin-Jui"]
[WhiteElo "1798"]
[BlackElo "1505"]
[Round "6.47"]
[Result "1-0"]
[TimeControl "5400+30"]

1. e4 e5 2. Nf3 Nc6 3. Bc4 Bc5 4. c3 Nf6 5. d4 exd4 6. cxd4 Bb4+ 7. Bd2 Nxe4 8. Bxb4 Nxb4 9. Bxf7+ Kxf7 10. Qb3+ Kf8 11. Qxb4+ Qe7 12. Qxe7+ Kxe7 13. O-O Kd8 14. Re1 Nf6 15. Na3 d6 16. h3 Rf8 17. Rad1 Bf5 18. Nc4 Kd7 19. g4 Nxg4 20. hxg4 Bxg4 21. Nfe5+ dxe5 22.
Nxe5+ Kd6 23. Nc4+ Kd7 24. Ne5+ Kd6 25. Nxg4 Rf5 26. Ne3 Rg5+ 27. Kf1 h5 28. Nc4+ Kd7 29. Ne5+ Kc8 30. Nf7 Rf5 31. Re8+ Kd7 32. Rxa8 Rxf7 33. Rg8 h4 34. Ke2 Kd6 35. Rh1 Rf4 36. Ke3 Rg4 1-0

[Variant "Standard"]
[Site "Europe Echecs"]

[Event "Championnat du monde jeunes U10"]
[Date "2024.11.20"]
[White "Bartash, Saveli"]
[Black "Chkhartishvili, Lazare"]
[WhiteElo "1661"]
[BlackElo "1836"]
[Round "6.48"]
[Result "0-1"]
[TimeControl "5400+30"]

1. e4 c5 2. Nf3 Nc6 3. d4 cxd4 4. Nxd4 Nf6 5. Nc3 e5 6. Ndb5 d6 7. Bg5 a6 8. Na3 b5 9. Nd5 Be7 10. Bxf6 Bxf6 11. c3 O-O 12. h4 g6 13. g3 Bg7 14. h5 Ne7 15. Nc2 Nxd5 16. Qxd5 Be6 17. Qd2 d5 18. Bg2 dxe4 19. Qxd8 Raxd8 20. Bxe4 Rd6 21. Nb4 a5 22. Nc6 f5 23. Bg2 e4 24. Nxa5 Ra6 25. Nb7 Rxa2 26. Rxa2 Bxa2 27. hxg6 hxg6 28.
O-O Rb8 29. Na5 Ra8 30. Nc6 Bb3 31. Nb4 Bf8 32. Rb1 Bxb4 33. cxb4 Ra4 34. Rc1 Bc4 35. Bf1 Rxb4 36. Bxc4+ Rxc4 37. Rd1 Rc2 38. b4 Rc4 39. Rb1 Kf7 40. Kf1 Ke6 41. Ke2 Rd4 42. Ke3 Ke5 43. Rb3 g5 44. Rb2 f4+ 45. gxf4+ gxf4+ 46. Ke2 f3+ 47. Ke1 Kf4 48. Rb3 Rd3 49. Rb1 e3 50. fxe3+ Kxe3 51.
Rb2 Ra3 52. Rb1 Rc3 53. Kf1 f2 54. Kg2 Rd3 55. Rb2 Rd2 56. Rb3+ Ke2 57. Rb1 Rd1 58. Rxd1 Kxd1 59. Kxf2 Kd2 60. Kf1 Kc3 61. Ke2 Kxb4 62. Kd2 Kb3 63. Kc1 Ka2 64. Kc2 b4 0-1

[Variant "Standard"]
[Site "Europe Echecs"]

[Event "Championnat du monde jeunes U10"]
[Date "2024.11.20"]
[White "Grimm, Jakob"]
[Black "Kovacs, Balazs"]
[WhiteElo "1646"]
[BlackElo "1800"]
[Round "6.1"]
[Result "1-0"]
[TimeControl "5400+30"]

1. e4 c5 2. Nf3 Nc6 3. d4 cxd4 4. Nxd4 Qb6 5. c3 e6 6. g3 Bc5 7. Na3 Bxd4 8. cxd4 Nf6 9. e5 Ne4 10. Bg2 Nxf2 11. Kxf2 Nxd4 12. Nc4 Qc5 13. Nd6+ Ke7 14. Be3 Qxe5 15. Nxc8+ Raxc8 16.
Qxd4 Rc2+ 17. Kg1 Qb5 18. Rd1 Rhc8 19.
Be4 Rxb2 20. a4 Qc4 21. Qxb2 Qxe4 22.
Qd4 Qf3 23. Bg5+ Kf8 24. Qxd7 Qc6 25.
Be7+ Kg8 26. Qd8+ Qe8 27. Qxe8+ Rxe8 28.
Rd8 1-0

[Variant "Standard"]
[Site "Europe Echecs"]

[Event "Championnat du monde jeunes U10"]
[Date "2024.11.20"]
[White "Kalinichenko, German Yu"]
[Black "Akramov, Khusan"]
[WhiteElo "1621"]
[BlackElo "1782"]
[Round "6.2"]
[Result "0-1"]
[TimeControl "5400+30"]

1. d4 Nf6 2. Nc3 d5 3. e4 dxe4 4. f3 Bf5 5. fxe4 Bxe4 6. Nxe4 Nxe4 7. Bd3 Nf6 8. Nf3 g6 9. Bg5 Bg7 10. Qd2 h6 11. Bf4 Nbd7 12. O-O-O Nd5 13. Rdf1 Nxf4 14. Qxf4 O-O 15. h4 h5 16. Ne5 Nxe5 17. dxe5 Qd5 18. Bc4 Qxe5 19. Bxf7+ Kh7 20. Qxe5 Bxe5 21. g4 hxg4 22. h5 g5 23. Bg6+ Kh6 24. Rhg1 Rxf1+ 25. Rxf1 Bf4+ 26. Kb1 Rd8 27. b3 g3 28. Rg1 Rd2 29. a4 Be5 30. Be4 Bd4 31. Kc1 Re2 32. Bf3 Bxg1 33. Bxe2 Be3+ 0-1

[Variant "Standard"]
[Site "Europe Echecs"]

[Event "Championnat du monde jeunes U10"]
[Date "2024.11.20"]
[White "Gomez Silva, Maximiliano"]
[Black "Zhou, Martin"]
[WhiteElo "1643"]
[BlackElo "1776"]
[Round "6.3"]
[Result "1-0"]
[TimeControl "5400+30"]

1. d4 Nf6 2. Nf3 g6 3. g3 Bg7 4. Bg2 O-O 5. O-O d6 6. c4 Nbd7 7. Nc3 e5 8. e4 exd4 9. Nxd4 Re8 10. Rb1 Nc5 11. Re1 a5 12. a3 a4 13. Ndb5 Be6 14. e5 Ng4 15. exd6 cxd6 16. Nxd6 Re7 17. Nde4 Rd7 18. Nd5 Nb3 19. Bg5 f6 20. Bxf6 Bxf6 21. Nexf6+ Nxf6 22. Rxe6 Nxd5 23. Bxd5 Kh8 24. Qd3 Rg7 25. Qe3 Qd7 26. Re1 Rf8 27. Re8 Rxe8 28. Qxe8+ Qxe8 29. Rxe8+ Rg8 30.
Rxg8# 1-0

[Variant "Standard"]
[Site "Europe Echecs"]

[Event "Championnat du monde jeunes U10"]
[Date "2024.11.20"]
[White "Bulat, Mansur"]
[Black "Prokhorov, Makar"]
[WhiteElo "1610"]
[BlackElo "1771"]
[Round "6.4"]
[Result "1-0"]
[TimeControl "5400+30"]

1. e4 c5 2. Nf3 Nc6 3. d4 cxd4 4. Nxd4 g6 5. Nc3 Bg7 6. Be3 Nf6 7. Nxc6 bxc6 8. e5 Ng8 9. Bd4 Qa5 10. f4 Nh6 11. e6 f6 12. exd7+ Bxd7 13. Bd3 O-O 14. O-O Rad8 15. Bf2 Ng4 16. Qe1 f5 17. Kh1 Nxf2+ 18. Rxf2 e5 19. fxe5 Bxe5 20. Rd1 Qc7 21. Rfd2 Rfe8 22. Bc4+ Kh8 23. Qh4 Kg7 24. Bb3 Bf6 25. Qg3 Qxg3 26. Rxd7+ Re7 27. Rxe7+ Bxe7 28. hxg3 Rxd1+ 29. Nxd1 Bd6 30. Kh2 h5 31. Ba4 c5 32. Nc3 h4 33. Kg1 hxg3 34. Nb5 Bb8 35. Na3 g5 36. Bc6 f4 37. Kf1 Kf6 38. Nc4 Bc7 39. Nd2 Bb6 40. c3 Ke6 41. Bb7 Bd8 42. Ke2 Be7 43. Kf3 Kf6 44. Kg4 Kg6 45. Ne4 Kh6 46. Ba6 Kg6 47. Bd3 Kh6 48. a3 a5 49. a4 Kg6 50. Nxc5+ Kf6 51. Nb7 Ke5 52. Nxa5 Bf6 53. Nc4+ Ke6 54. a5 Kd7 55. a6 Kc7 56. Be4 Kb8 57. b4 Bxc3 58. b5 Bd4 59. Kxg5 Ka7 60. Kxf4 Bf2 61. Nd6 Kb8 62. Kf5 Ka7 63. Ke6 Kb8 64. Kd7 Ka7 65. Nc8+ Kb8 66. a7+ 1-0

[Variant "Standard"]
[Site "Europe Echecs"]

[Event "Championnat du monde jeunes U10"]
[Date "2024.11.20"]
[White "Hung, I-Hsuan"]
[Black "Katta, Sriansh"]
[WhiteElo "1608"]
[BlackElo "1766"]
[Round "6.5"]
[Result "0-1"]
[TimeControl "5400+30"]

1. e4 c5 2. Nf3 Nc6 3. Bb5 g6 4. Bxc6 dxc6 5. d3 Bg7 6. h3 Nf6 7. Nc3 Nd7 8. Be3 b6 9. Qd2 h6 10. O-O e5 11. Qe2 Nf8 12. Nd2 Ne6 13. f4 exf4 14. Bxf4 Nxf4 15. Rxf4 Be6 16. Kh1 Qc7 17. Rff1 O-O 18. Qf3 Rad8 19. Nb3 c4 20. Nc1 b5 21. a3 a5 22. N1e2 cxd3 23. cxd3 Qd6 24. Rfd1 b4 25. Na4 Bb3 26. axb4 Bxd1 27. Rxd1 Qxb4 28. Ra1 Ra8 29. d4 Bxd4 30. Nxd4 Qxd4 31. e5 Qxe5 32. Nb6 Qxb2 33. Ra2 Qxa2 34. Nd7 Qa1+ 35. Kh2 Qg7 36. Qxc6 a4 37. Nb6 a3 0-1

[Variant "Standard"]
[Site "Europe Echecs"]

[Event "Championnat du monde jeunes U10"]
[Date "2024.11.20"]
[White "Munoz Padilla, Andres"]
[Black "Sander, Tino"]
[WhiteElo "1604"]
[BlackElo "1736"]
[Round "6.6"]
[Result "1-0"]
[TimeControl "5400+30"]

1. e4 e5 2. Nf3 Nc6 3. Bc4 Bc5 4. b4 Bxb4 5. c3 Be7 6. d4 d6 7. Qb3 Na5 8. Bxf7+ Kf8 9. Qa4 Kxf7 10. Qxa5 b6 11. Qa3 exd4 12. cxd4 Bb7 13. Qb3+ Ke8 14. Nbd2 d5 15. e5 Qd7 16. O-O Qe6 17. Re1 Nh6 18. Bb2 g6 19. Ne4 Qf5 20. Nd6+ cxd6 21. exd6 Ng8 22. dxe7 Nf6 23. Rac1 Rc8 24. Qa4+ Qd7 25. Qxd7+ Nxd7 26. Ba3 Rc6 27. Rxc6 Bxc6 28. Rc1 Nb8 29. Ne5 Bd7 30. Rc7 Be6 31. Rxa7 Bf7 32. Ra8 1-0

[Variant "Standard"]
[Site "Europe Echecs"]

[Event "Championnat du monde jeunes U10"]
[Date "2024.11.20"]
[White "Orsi, Andrea"]
[Black "Mitrovic, Vasilije"]
[WhiteElo "1728"]
[BlackElo "1590"]
[Round "6.7"]
[Result "0-1"]
[TimeControl "5400+30"]

1. e4 e5 2. Nf3 Nc6 3. Bb5 a6 4. Ba4 b5 5. Bb3 Bc5 6. c3 d6 7. d4 exd4 8. cxd4 Bb6 9.
h3 Nf6 10. O-O O-O 11. Nc3 h6 12. a4 bxa4 13. Nxa4 Ba7 14. Re1 Re8 15. Nc3 Bb7 16. Bc4 Bb6 17. Qb3 Qd7 18. e5 Na5 19. Rxa5 Bxa5 20. e6 fxe6 21. Qxb7 Reb8 22. Qxb8+ Rxb8 23. Bxe6+ Qf7 24.
Bxf7+ Kxf7 25. Nd2 Bb6 26. Nb3 c6 27. Bf4 Rd8 28. Ra1 a5 29. Nxa5 Ra8 30. Bxd6 Rxa5 31. Rxa5 Bxa5 32. b4 Bb6 33. Bc5 Bc7 34. Kf1 g6 35. Ke2 Ke6 36. Kd3 h5 37. Kc4 h4 38. b5 cxb5+ 39. Kxb5 Nh5 40. Kc6 Bf4 41. d5+ Kf7 42. d6 Ng7 43. Nd5 Bg5 44. f4 Bd8 45. Bb6 Bxb6 46. Nxb6 Ne6 0-1

[Variant "Standard"]
[Site "Europe Echecs"]

[Event "Championnat du monde jeunes U10"]
[Date "2024.11.20"]
[White "Sahin, Yusuf Kerem"]
[Black "Gim, Hajin"]
[WhiteElo "1720"]
[BlackElo "1603"]
[Round "6.8"]
[Result "0-1"]
[TimeControl "5400+30"]

1. d4 Nf6 2. c4 c5 3. d5 b5 4. cxb5 a6 5. bxa6 Bxa6 6. Nc3 g6 7. e4 Bxf1 8. Kxf1 d6 9. Nge2 Bg7 10. h3 O-O 11. Kg1 Nbd7 12. Kh2 Qb6 13. Qc2 Rfb8 14. b3 Ra6 15. f4 Rba8 16. Bd2 Ne8 17. Na4 Qa7 18. Bc3 Bh6 19. g3 Bg7 20. Bxg7 Kxg7 21. Nc1 c4 22. Nc3 cxb3 23. Nxb3 Rc8 24. Qb2 Kg8 25. Rhe1 Nb6 26. Nb5 Qd7 27. Qe2 Ra4 28. N3d4 Rac4 29. Nc6 Nf6 30. Qd3 e6 31. Na3 Ra4 32. Qb5 exd5 33. Rac1 Rxa3 34. Qxb6 Rxa2+ 35. Kg1 Qxh3 36. Ne7+ Kg7 37. Qf2 Rxf2 38. Kxf2 Nxe4+ 39. Ke3 Qxg3+ 40.
Kd4 Qf2+ 41. Kxd5 Rxc1 42. Rxc1 Qd2+ 43.
Kxe4 Qxc1 44. Nf5+ gxf5+ 45. Kxf5 h5 0-1

[Variant "Standard"]
[Site "Europe Echecs"]

[Event "Championnat du monde jeunes U10"]
[Date "2024.11.20"]
[White "Tenuun, Tseesuren"]
[Black "Roth, Elai"]
[WhiteElo "1702"]
[BlackElo "1577"]
[Round "6.9"]
[Result "0-1"]
[TimeControl "5400+30"]

1. d4 d5 2. c4 c6 3. Nf3 Nf6 4. e3 e6 5. Be2 Nbd7 6. O-O dxc4 7. Bxc4 b5 8. Bd3 Bd6 9. e4 e5 10. Qc2 Bb7 11. Rd1 Qb6 12. Bg5 a6 13. Nbd2 c5 14. dxe5 Nxe5 15. Bxf6 gxf6 16. Nh4 Ng4 17. Ndf3 c4 18. Bf1 Bc5 19. Rd2 Rd8 20. Re2 Kf8 21. h3 Nxf2 22. Rxf2 Bxf2+ 23. Qxf2 Qxf2+ 24. Kxf2 Bxe4 25. g4 h5 26. Re1 Bb7 27. Re3 hxg4 28. hxg4 Bxf3 29. Nxf3 Kg7 30. b3 cxb3 31. Rxb3 Rd6 32. Kg3 Re8 33. Nh4 Rd2 34. Nf5+ Kg8 35. Ra3 Re6 36. Bd3 b4 37. Rb3 a5 38. Bc4 Re4 39. Bd3 Re5 40. a4 Rc5 41. Kf3 Rc3 42. Rxc3 bxc3 43. Ke3 Ra2 44. Bb5 Rg2 45. Nd4 c2 46. Nxc2 Rxc2 47. Kf4 Kg7 48. Kf3 Kh6 49. Kf4 Rf2+ 50. Kg3 Rd2 51. Kf4 Kg6 52. Ke3 Rd6 53. Kf4 Rd4+ 54. Kg3 Kg5 55. Kf3 Rxg4 56. Bd7 Rd4 57. Bc6 f5 58. Bb5 f4 59. Bc6 0-1

[Variant "Standard"]
[Site "Europe Echecs"]

[Event "Championnat du monde jeunes U10"]
[Date "2024.11.20"]
[White "Skouroupathis, Kyriakos"]
[Black "Button-Rabl, Jiban"]
[WhiteElo "1695"]
[BlackElo "1435"]
[Round "6.10"]
[Result "1-0"]
[TimeControl "5400+30"]

1. e4 e5 2. Nf3 Nc6 3. Bc4 Bc5 4. O-O d6 5. h3 Nf6 6. d3 h6 7. Nc3 O-O 8. Bd2 Be6 9. Bb3 a6 10. Be3 Bb6 11. Bxb6 cxb6 12. d4 exd4 13. Nxd4 Qd7 14. Nxe6 fxe6 15. Na4 Rae8 16. Nxb6 Qc7 17. Nc4 Nxe4 18. f3 Ng3 19. Qxd6 Qxd6 20. Nxd6 Rd8 21. Rfd1 Ne2+ 22. Kf2 Ncd4 23. Nxb7 Rb8 24. Nc5 Rfe8 25. Nxa6 Rbc8 26. Nb4 Rc5 27. Nd3 Rf5 28. Nc1 Re5 29. Nxe2 Rxe2+ 30. Kf1 Nxb3 31. Kxe2 Nxa1 32. Rxa1 Kf7 33. a4 Rd8 34. Rd1 Ra8 35. b3 Kf6 36. c4 Rb8 37. Rd3 Kf5 38. g3 h5 39. Ke3 g5 40. g4+ Kg6 41. Ke4 Rb6 42. c5 Rc6 43. b4 Ra6 44. a5 Ra8 45. c6 Rc8 46. b5 hxg4 47. fxg4 Kf6 48. b6 Rxc6 49. b7 Rc4+ 50. Rd4 Rc1 51. b8=Q Re1+ 52. Kd3 Rf1 53. Qf8+ Kg6 54.
Qxf1 Kh6 55. Qf6+ Kh7 56. Rd7+ 1-0

[Variant "Standard"]
[Site "Europe Echecs"]

[Event "Championnat du monde jeunes U10"]
[Date "2024.11.20"]
[White "Lee, Yugeon"]
[Black "Enkhbileg, Gantumur"]
[WhiteElo "1690"]
[BlackElo "1529"]
[Round "6.11"]
[Result "1-0"]
[TimeControl "5400+30"]

1. d4 Nf6 2. c4 g6 3. Nc3 Bg7 4. e4 d6 5. Nf3 Bg4 6. Be2 Bxf3 7. Bxf3 O-O 8. e5 Nc6 9. exf6 Bxf6 10. Bxc6 bxc6 11. O-O Re8 12. Bh6 e5 13. dxe5 Bxe5 14. f4 Bf6 15. Qf3 Qb8 16. Rab1 Qb6+ 17. Kh1 Re3 18. Qg4 Rae8 19. f5 Bxc3 20. Bxe3 Qxe3 21. bxc3 1-0

[Variant "Standard"]
[Site "Europe Echecs"]

[Event "Championnat du monde jeunes U10"]
[Date "2024.11.20"]
[White "Yao, Lucas Mason Pin Qian"]
[Black "Thorulsley, Kairaav"]
[WhiteElo "1687"]
[BlackElo "1520"]
[Round "6.12"]
[Result "1/2-1/2"]
[TimeControl "5400+30"]

1. e4 c5 2. Nf3 d6 3. Bb5+ Nd7 4. c3 a6 5. Ba4 b5 6. Bc2 Bb7 7. d4 cxd4 8. cxd4 Ngf6 9. Nbd2 e6 10. O-O Be7 11. Re1 O-O 12. Nf1 Re8 13. Ng3 Qc7 14. Bd2 Rac8 15. Rc1 Qd8 16. Qe2 h6 17. Qd3 Nf8 18. h3 d5 19. e5 Ne4 20. Be3 Qd7 21. Nd2 Nxg3 22. fxg3 Bb4 23. a3 Be7 24. Nb3 Red8 25. Rf1 Rc7 26. Rxf7 Kxf7 27. Rf1+ Kg8 28. Rxf8+ Kxf8 29. Qh7 Rxc2 30. Bxh6 gxh6 31. Qh8+ Kf7 32. Qh7+ Ke8 33. Qg6+ Kf8 34. Qxh6+ Ke8 35. Qg6+ Kf8 36. Qh6+ Ke8 37. Qh5+ Kf8 38. Qh6+ 1/2-1/2

[Variant "Standard"]
[Site "Europe Echecs"]

[Event "Championnat du monde jeunes U10"]
[Date "2024.11.20"]
[White "Youn, Laeho"]
[Black "Aghoyan, Gevorg"]
[WhiteElo "1520"]
[BlackElo "1682"]
[Round "6.13"]
[Result "0-1"]
[TimeControl "5400+30"]

1. e4 c6 2. d4 d5 3. exd5 cxd5 4. Bd3 Nc6 5. c3 Nf6 6. Bf4 Bg4 7. Qb3 Qd7 8. Nd2 e6 9. Ngf3 Bxf3 10. Nxf3 Bd6 11. Bxd6 Qxd6 12. O-O O-O 13. Rae1 Qc7 14. Ne5 Ne7 15. f4 Ng6 16. Re3 Rfe8 17. Rh3 Rac8 18. Qc2 a6 19. Rff3 b5 20. Qe2 Qd6 21. a4 Ra8 22. axb5 axb5 23. Bxb5 Ra1+ 24. Rf1 Nxf4 25. Qf2 Nxh3+ 26. gxh3 Rxf1+ 27. Qxf1 Rb8 28. Nc6 Rb6 29. Ne5 Qb8 30. Bd3 Rxb2 31. Qa1 Nd7 32. Ng4 h5 33. Ne5 Nxe5 34. dxe5 Rb7 35. Qe1 Rb2 36. Qh4 Qa7+ 37. Kf1 Qa1+ 38. Qe1 Qxe1+ 39. Kxe1 Rxh2 40. Bf1 Rc2 41. c4 Rxc4 42. Bxc4 dxc4 43. Kd2 Kh7 44. Kc3 Kg6 45. Kxc4 Kf5 46. Kd4 Kf4 47. h4 g6 48. Kd3 Kxe5 49. Ke3 Kf5 50. Kf3 g5 51. hxg5 f6 52. gxf6 Kxf6 53. Ke4 e5 54. Ke3 Kf5 55. Kf3 e4+ 56. Ke3 h4 57. Ke2 h3 58. Kf2 Kf4 59. Kg1 e3 60. Kf1 e2+ 0-1

[Variant "Standard"]
[Site "Europe Echecs"]

[Event "Championnat du monde jeunes U10"]
[Date "2024.11.20"]
[White "Zilincan, Tomas"]
[Black "Novac, Daniil"]
[WhiteElo "1778"]
[BlackElo "1594"]
[Round "6.15"]
[Result "1/2-1/2"]
[TimeControl "5400+30"]

1. e4 e5 2. Nf3 Nc6 3. Bc4 Bc5 4. d3 Nf6 5. Bg5 h6 6. Bh4 g5 7. Bg3 d6 8. Nc3 Bg4 9. Qd2 Bxf3 10. gxf3 Nd4 11. O-O-O Nxf3 12. Qe2 Nd4 13. Qf1 Qd7 14. f3 O-O-O 15. h4 Nh5 16. Qg2 Nf4 17. Bxf4 gxf4 18. Rdf1 Rdg8 19. Qd2 Nb3+ 20. Bxb3 Be3 21. Nd5 Bxd2+ 22. Kxd2 Rg2+ 23. Kc1 a5 24. a3 Kb8 25. Rfg1 Rhg8 26. Rf1 a4 27. Ba2 Qc6 28. Nb4 Rxc2+ 29. Nxc2 Rg2 30. Bb1 Qc5 31. Rd1 Qf2 32. Rhf1 Qe2 33. h5 Rh2 34. Rg1 Qxf3 1/2-1/2

[Variant "Standard"]
[Site "Europe Echecs"]